 Dungeon Crawl Stone Soup version 0.18-a0-1-gfac8111 (webtiles) character file.

43 kae the Insei (level 3, -3/29 HPs)
             Began as a Demonspawn Monk on Oct 30, 2015.
             Killed from afar by Natasha (10 damage)
             ... with a wand of flame
             ... on level 3 of the Dungeon.
             The game lasted 00:00:47 (1605 turns).

kae the Insei (Demonspawn Monk)                     Turns: 1605, Time: 00:00:47

Health: -3/29      AC:  2    Str: 11    XL:     3   Next: 37%
Magic:  3/3        EV: 13    Int: 11    God:
Gold:   139        SH:  0    Dex: 16    Spells: 0 memorised, 2 levels left

rFire  . . .     SeeInvis .       - Unarmed
rCold  . . .     Clarity  .     a - +0 robe
rNeg   . . .     SustAt   .     (no shield)
rPois  .         Gourm    .     (helmet restricted)
rElec  .         Spirit   .     (no cloak)
rCorr  .         Warding  .     (no gloves)
rMut   .         Stasis   .     (no boots)
MR     .....                    (no amulet)
Stlth  +++.......               (no ring)
                                (no ring)

@: not resistant to hostile enchantments, fairly stealthy
A: antennae 1, nightstalker 1
a: no special abilities


You were on level 3 of the Dungeon.
You were not hungry.

You visited 1 branch of the dungeon, and saw 3 of its levels.

You collected 139 gold pieces.

Inventory:

Armour
 a - a +0 robe (worn)
Jewellery
 j - an uncursed ring of sustain attributes {unknown}
Scrolls
 e - 3 scrolls of magic mapping {unknown}
 f - 4 scrolls of identify {unknown}
 n - 3 scrolls of teleportation {unknown}
 p - a scroll of immolation {unknown}
 r - a scroll of remove curse {unknown}
 s - a scroll of enchant armour {unknown}
Potions
 c - a potion of lignification {unknown}
 d - a potion of agility {unknown}
 h - a potion of cancellation
 k - a potion of might {unknown}
 l - a potion of resistance {unknown}
 o - a potion of mutation {unknown}
 q - a potion of poison {unknown}
Comestibles
 b - 3 bread rations
 g - a slice of pizza
 i - a beef jerky
 m - a meat ration


   Skills:
 - Level 3.0 Fighting
 - Level 2.6 Dodging
 - Level 1.7 Stealth
 + Level 4.7 Unarmed Combat


You had 2 spell levels left.
You didn't know any spells.

Dungeon Overview and Level Annotations

Branches:
Dungeon (3/15)

Altars:

Annotations:
D:3 Natasha


Innate Abilities, Weirdness & Mutations

You have a pair of small antennae on your head.
You are slightly more attuned to the shadows.


Message History

Natasha zaps a wand.
The puff of flame hits you!
It is a wand of flame.
An adder comes into view.
Natasha zaps a wand.
The puff of flame hits you!
* * * LOW HITPOINT WARNING * * *
Found a stone staircase leading down.
There are monsters nearby!
You are too injured to fight recklessly!
You are too injured to fight recklessly!
You are too injured to fight recklessly!
You are too injured to fight recklessly!
You are too injured to fight recklessly!
You are too injured to fight recklessly!
You are too injured to fight recklessly!
You are too injured to fight recklessly!
Unknown command.
Drink which item? (? for menu, Esc to quit)
It was a potion of cancellation.
You feel magically purged.
Drink which item? (? for menu, Esc to quit)
You feel magically purged.
Natasha zaps a wand.
The puff of flame hits you!
You die...

........#.###.#.
......###.# ..
.......##.# ###.#..###
.......##.# #..........
.......##.###........>.
.......................
.......##.###.....#...
..........†##......#...
.....#..........@h.....
########.......#.S..#.#
#...###......# #...#
#.......# #...#
#.......# #...#
..........
......###...##..


You could see Natasha and an adder.

Vanquished Creatures
  An adder (D:3)
  2 ball pythons
  3 giant cockroaches
  A goblin (D:1)
  4 hobgoblins
  5 bats
  5 giant newts
  9 kobolds
  A rat (D:1)
31 creatures vanquished.

Notes
Turn   | Place    | Note
--------------------------------------------------------------
     0 | D:1      | kae the Demonspawn Monk began the quest for the Orb.
     0 | D:1      | Reached XP level 1. HP: 18/18 MP: 1/1
   491 | D:1      | Reached skill level 4 in Unarmed Combat
   521 | D:1      | Gained mutation: You are slightly more attuned to the shadows. [demonic ancestry]
   521 | D:1      | Reached XP level 2. HP: 24/24 MP: 2/2
  1441 | D:2      | Gained mutation: You have a pair of small antennae on your head. [demonic ancestry]
  1441 | D:2      | Reached XP level 3. HP: 26/29 MP: 3/3
  1599 | D:3      | Noticed Natasha
  1605 | D:3      | Killed from afar by Natasha

Vault maps used:
D:1:      dpeg_arrival_chambers_temple_mockup
D:2:      feat_on_display
D:3:      cheibriados_altar_wand_db, grunt_temple_overflow_open,
          nicolae_gozag_cash_rules_everything_around_me, uniq_natasha

Action                   || total
-------------------------++-------
Melee: Unarmed           ||    82
  Use: Potion            ||     2
 Stab: Sleeping          ||    12
  Eat: Chunk             ||     2
